 Dungeon Crawl Stone Soup version 0.23.1 (webtiles) character file.

Game seed: 10211877081680399727

1 glosham the Skirmisher (level 1, -1/18 HPs)
             Began as a Formicid Chaos Knight on Mar 2, 2019.
             Was a Plaything of Xom.
             Slain by a mana viper (shapeshifter) (12 damage)
             ... on level 2 of the Dungeon.
             The game lasted 00:01:31 (24 turns).

glosham the Skirmisher (Formicid Chaos Knight)        Turns: 24, Time: 00:01:32

Health: -1/18      AC:  5    Str: 16    XL:     1   Next: 22%
Magic:  0/1        EV: 16    Int: 11    God:    Xom [..*...]
Gold:   0          SH:  0    Dex: 15    Spells: 0/0 levels left

rFire    . . .     SeeInvis +   a - +0 mace (chaos)
rCold    . . .     Gourm    .   (no shield)
rNeg     . . .     Faith    .   b - +2 leather armour
rPois    .         Spirit   .   (helmet unavailable)
rElec    .         Reflect  .   (no cloak)
rCorr    .         Harm     .   (no gloves)
MR       .....                  (no boots)
Stlth    ++........             (no amulet)
HPRegen  0.06/turn              (no ring)
MPRegen  0.07/turn              (no ring)

@: agile
A: permanent stasis, dig shafts and tunnels, four strong arms, antennae 3
a: Dig, Shaft Self, Renounce Religion


You were on level 2 of the Dungeon.
You worshipped Xom.
You were a toy of Xom.
You were not hungry.

You visited 1 branch of the dungeon, and saw 2 of its levels.

Inventory:

Hand Weapons
 a - a +0 mace of chaos (weapon)
Armour
 b - a +2 leather armour (worn)
Comestibles
 e - 2 rations


   Skills:
 - Level 3.2 Fighting
 * Level 3.1 Maces & Flails
 - Level 2.1 Armour
 - Level 0.8 Dodging


You couldn't memorise any spells.
You didn't know any spells.
Your spell library was empty.

Dungeon Overview and Level Annotations

Branches:
Dungeon (1/15)

Altars:


Innate Abilities, Weirdness & Mutations

You cannot be hasted, slowed, berserked, paralysed or teleported.
You can dig through walls and to a lower floor.
Your four strong arms can wield two-handed weapons with a shield.
You have a pair of large antennae on your head. (SInv)


Message History

A giant cockroach comes into view.
You barely miss the quokka. The quokka misses you.
The giant cockroach misses you. The quokka barely misses you.
The giant cockroach bites you but does no damage.
Your leather armour prevents you from hitting the quokka.
The quokka closely misses you.
The giant cockroach bites you but does no damage.
You hit the quokka but do no damage. The quokka misses you.
The giant cockroach barely misses you.
The quokka bites you but does no damage.
The giant cockroach bites you but does no damage.
You hit the quokka. You burn the quokka.
You kill the quokka!
The giant cockroach closely misses you.
You hit the giant cockroach. You freeze the giant cockroach.
The giant cockroach is heavily wounded.
The giant cockroach completely misses you.
The giant cockroach waves its antennae.
The giant cockroach bites you but does no damage.
You hit the giant cockroach but do no damage.
The shapeshifter falls off the wall.
The giant cockroach changes into a shapeshifter!
The shapeshifter changes into a golden eye!
You miss the golden eye. You barely miss the golden eye.
The golden eye blinks at you.
You are confused.
The golden eye changes into a mana viper!
The mana viper hisses angrily.
You feel less confused. The mana viper bites you!
You feel your power leaking away.
Unknown command.
You hit the mana viper but do no damage.
Lightning courses through the mana viper!
The mana viper is moderately wounded.
The mana viper bites you!
Ouch! That really hurt!
You die...
Xom cackles wildly!

{ { ##+## ....#
....# # ....#
#.#####?...#
#####.#..S@.#.#
..............#
........###...#
......### .#.#
...... .#.#
..... ## #
..... { ....
....


You could see a mana viper shaped shifter.

Vanquished Creatures
  A quokka (D:2)
1 creature vanquished.

Notes
Turn   | Place    | Note
-------+----------+-------------------------------------------
     0 | D:1      | glosham the Formicid Chaos Knight began the quest for the
                  | Orb.
     0 | D:1      | Reached XP level 1. HP: 18/18 MP: 1/1
     6 | D:1      | You fall through a shaft!
     6 | D:2      | XOM: potion effect (agility)
    15 | D:2      | Noticed a shapeshifter
    15 | D:2      | a giant cockroach changed into a shapeshifter
    15 | D:2      | Noticed a golden eye
    15 | D:2      | a shapeshifter changed into a golden eye
    19 | D:2      | Noticed a mana viper
    19 | D:2      | a golden eye changed into a mana viper
    24 | D:2      | Slain by a mana viper (shapeshifter)

Action                   || total
-------------------------++-------
Melee: Mace              ||     9
 Abil: Shaft Self        ||     1
Armor: Leather armour    ||     5
Dodge: Dodged            ||     8

Table legend:
 A = Turns spent in this place as a percentage of turns spent in the entire game.
 B = Non-inter-level travel turns spent in this place as a percentage of non-inter-level travel turns spent in the entire game.
 C = Inter-level travel turns spent in this place as a percentage of turns spent in this place.
 D = Turns resting spent in this place as a percentage of non-inter-level travel turns spent in this place.
 E = Turns spent auto-exploring this place as a percentage of non-inter-level travel turns spent in this place.
 F = Non-inter-level travel turns spent in this place divided by the number of levels of this place that you've seen.
                   A       B       C       D       E      F
               +-------+-------+-------+-------+-------+----------------------
         Total | 100.0 | 100.0 |   0.0 |   0.0 |   0.0 |  12.0
       Dungeon | 100.0 | 100.0 |   0.0 |   0.0 |   0.0 |  12.0
               +-------+-------+-------+-------+-------+----------------------

Table legend:
 A = Kills in this place as a percentage of kills in entire the game.
 B = Kills by you in this place as a percentage of kills by you in the entire game.
 C = Kills by friends in this place as a percentage of kills by friends in the entire game.
 D = Other kills in this place as a percentage of other kills in the entire game.
 E = Experience gained in this place as a percentage of experience gained in the entire game.
 F = Experience gained in this place divided by the number of levels of this place that you have seen.
                   A       B       C       D       E      F
               +-------+-------+-------+-------+-------+----------------------
         Total | 100.0 | 100.0 |   N/A |   N/A | 100.0 |   1.0
       Dungeon | 100.0 | 100.0 |   N/A |   N/A | 100.0 |   1.0
               +-------+-------+-------+-------+-------+----------------------

Levels and vault maps discovered:
D:1:      lightli_arrival_quake, layout_rooms
D:2:      layout_basic, small_statue_intersection
